 Dungeon Crawl Stone Soup version 0.27-a0-1051-g288ea87c7c (webtiles) character file.

Game seed: 9583799560971973384

42 snetch the Chopper (level 3, -1/33 HPs)
             Began as a Hill Orc Monk on Apr 21, 2021.
             Slain by Purgy (4 damage)
             ... in a sewer.
             The game lasted 00:04:40 (1239 turns).

snetch the Chopper (Hill Orc Monk)                  Turns: 1239, Time: 00:04:41

Health: -1/33      AC:  4    Str: 14    XL:     3   Next: 56%
Magic:  3/3        EV: 13    Int: 10    God:
Gold:   28         SH:  0    Dex: 19    Spells: 2/2 levels left

rFire    . . .     SeeInvis .   a - +0 hand axe
rCold    . . .     Faith    .   (no shield)
rNeg     . . .     Spirit   .   f - +0 robe
rPois    .         Reflect  .   h - +2 hat {Stlth+}
rElec    .         Harm     .   (no cloak)
rCorr    .         Rampage  .   (no gloves)
Will     .....                  (no boots)
Stlth    ++........             (no amulet)
HPRegen  0.11/turn              i - +6 ring of dexterity
MPRegen  0.08/turn              (no ring)

@: very slow
A: no striking features
a: no special abilities


You were in a sewer.
You visited 1 branch of the dungeon, and saw 3 of its levels.
You also visited: Sewer.

You collected 28 gold pieces.

Inventory:

Hand Weapons
 a - a +0 hand axe (weapon)
 b - a +3 dagger
Missiles
 g - 9 boomerangs (quivered)
 j - 6 stones
Armour
 f - a +0 robe (worn)
 h - a +2 hat of stealth (worn)
Jewellery
 i - a +6 ring of dexterity (left hand)
Scrolls
 c - a scroll of enchant armour {unknown}
 d - a scroll of amnesia {unknown}
 e - a scroll of teleportation {unknown}
Potions
 k - a potion of mutation {unknown}
 l - a potion of invisibility {unknown}


   Skills:
 + Level 4.2 Fighting
 + Level 4.5 Axes
 + Level 2.9 Dodging
 + Level 1.8 Stealth


You had 2 spell levels left.
You didn't know any spells.
Your spell library was empty.

Dungeon Overview and Level Annotations

Branches:
Dungeon (3/15)              Sewer (1/1)

Altars:

Annotations:
Sewer Purgy


Message History

Found 14 arrows.
b - a +3 dagger (weapon)
Purgy shouts!
a - a +0 hand axe (weapon)
Found 25 gold pieces and a smoky ruby potion.
You hit Purgy.
Purgy is lightly wounded.
Purgy bites you! Purgy claws you. x2
You closely miss Purgy.
Purgy is lightly wounded.
Purgy closely misses you. Purgy misses you. Purgy claws you.
You closely miss Purgy.
Purgy is lightly wounded.
Purgy bites you but does no damage. Purgy claws you but does no damage. x2
Purgy misses you. x2; Purgy barely misses you.
You miss Purgy. Purgy bites you! Purgy claws you but does no damage.
Purgy barely misses you.
You hit Purgy.
Purgy is lightly wounded.
Purgy misses you. Purgy claws you. x2
You hit Purgy.
Purgy is moderately wounded.
Purgy bites you.
* * * LOW HITPOINT WARNING * * *
Purgy barely misses you. Purgy claws you but does no damage.
Purgy snarls, "Go!
Away!"
You enter the shallow water.
Moving in this stuff is going to be slow.
You enter the shallow water.
Moving in this stuff is going to be slow.
Purgy bites you.
* * * LOW HITPOINT WARNING * * *
Purgy closely misses you. Purgy claws you but does no damage.
Purgy clenches his teeth.
You enter the shallow water.
Moving in this stuff is going to be slow.
Purgy bites you.
* * * LOW HITPOINT WARNING * * *
Purgy claws you.
You die...

#..###≈≈##
#.≈≈#...#
#≈≈...## #.....#
##...## #.≈.#
##.## #T#
####@####
#####....≈..####
#≈≈≈≈≈≈))≈≈≈≈≈≈#
#####..)....####
#######.†#..###
#...#....#....#
#........#.∩∩.#
#####....#....#
###########


You could see Purgy.

Vanquished Creatures
  An adder (D:3)
  3 ball pythons (D:1)
  3 endoplasms
  A giant cockroach (D:3)
  2 goblins
  2 hobgoblins
  2 jackals (Sewer)
  4 quokkas
  2 bats (D:1)
  2 frilled lizards
  5 kobolds
  3 rats
30 creatures vanquished.

Notes
Turn   | Place    | Note
-------+----------+-------------------------------------------
     0 | D:1      | snetch the Hill Orc Monk began the quest for the Orb.
     0 | D:1      | Reached XP level 1. HP: 19/19 MP: 1/1
   384 | D:1      | Reached XP level 2. HP: 27/27 MP: 2/2
   995 | D:3      | Reached XP level 3. HP: 19/33 MP: 3/3
  1056 | D:3      | Found a glowing drain.
  1087 | Sewer    | Entered a sewer
  1208 | Sewer    | Noticed Purgy
  1239 | Sewer    | Slain by Purgy

Illustrated notes

Levels and vault maps discovered:
D:1:      elethiomel_arrival_infinity_welcomes_careful_drivers,
          layout_loops_ring
D:2:      layout_loops_ring
D:3:      layout_basic, basic_ecumenical_altar, gup_sewer_entry_bowl, uniq_ijyb
Sewer:    sewer_the_moccasin

Skill      XL: |  1  2 |
---------------+-------+-----
Fighting       | 4 |  4.2
Axes           | |  4.5
Dodging        | |  2.9
Stealth        | |  1.8

Action                   || total
-------------------------++-------
Melee: Hand axe          ||    71
       Dagger            ||    26
 Stab: Sleeping          ||     4
Armor: Robe              ||    26
Dodge: Dodged            ||    68

Table legend: (Time is in decaauts)
 A = Elapsed time spent in this place.
 B = Non-inter-level travel time spent in this place.
 C = Inter-level travel time spent in this place.
 D = Time resting spent in this place.
 E = Time spent auto-exploring this place.
 F = Levels seen in this place.
 G = Mean time per level.
                   A        B        C        D        E       F      G
               +--------+--------+--------+--------+--------+-----+--------+
         Total |   1252 |   1252 |      0 |     87 |    604 |   4 |  313.0 |
       Dungeon |   1093 |   1093 |      0 |     27 |    571 |   3 |  364.3 |
         Sewer |    159 |    159 |      0 |     60 |     33 |   1 |  159.0 |
               +--------+--------+--------+--------+--------+-----+--------+

Top non-repeatable levels by time:
     D:1: 707 daAuts
     D:3: 306 daAuts
   Sewer: 159 daAuts
     D:2: 79 daAuts
